Map: [ESL] Cosmic Sapphire

Players

NightMare

  • Race: Protoss Protoss
  • Spawn Location: 11:00

Astrea - Winner!

  • Race: Protoss Protoss
  • Spawn Location: 5:00

Event: DreamHack SC2 Masters 2022 Valencia

VOD

Have the link to the VOD?

Description

Time

  • Played on: July 1, 2022, 12:57 p.m.
  • Length: 14:01

All games in this series

Show
View Real Time Build Order
Export as new Build Order

NightMare Protoss 

Build Orders: Blink Stalkers 

Get SALT Encoding   

  12  0:00  Probe  
  13  0:12  Probe  
  14  0:17  Pylon  
  14  0:24  Probe (Chrono Boost)  
  15  0:36  Probe (Chrono Boost)  
  15  0:37  Gateway  
  16  0:44  Probe (Chrono Boost)  
  16  0:48  Assimilator  
  17  0:51  Probe  
  17  0:55  Assimilator  
  18  1:03  Probe (Chrono Boost)  
  19  1:12  Probe (Chrono Boost), Gateway  
  19  1:17  Probe (Chrono Boost)  
  21  1:26  Cybernetics Core  
  21  1:29  Probe  
  22  1:37  Pylon  
  22  1:41  Probe  
  23  1:55  Probe  
  24  2:02  Stalker  
  24  2:03  Stalker  
  24  2:05  Warp Gate  
  24  2:07  Probe  
  29  2:14  Pylon  
  29  2:28  Pylon  
  29  2:36  Stalker x2  
  31  3:05  Nexus  
  31  3:10  Shield Battery  
  31  3:16  Twilight Council  
  31  3:23  Stalker  
  31  3:24  Stalker  
  35  3:31  Pylon  
  35  3:33  Probe  
  36  3:45  Probe  
  37  3:51  Blink (Chrono Boost)  
  37  3:58  Probe  
  38  4:10  Probe  
  38  4:11  Stalker x2  
  42  4:23  Probe  
  41  4:35  Probe x2  
  41  4:37  Stalker x2  
  47  4:47  Probe x2  
  49  4:54  Gateway  
  49  4:59  Probe x2  
  51  5:04  Pylon  
  51  5:11  Probe x2  
  52  5:15  Adept x2  
  56  5:23  Probe (Chrono Boost)  
  58  5:28  Probe (Chrono Boost)  
  58  5:33  Probe (Chrono Boost)  
  60  5:36  Stalker x2  
  60  5:37  Probe (Chrono Boost)  
  60  5:38  Probe (Chrono Boost)  
  60  5:40  Pylon  
  65  5:47  Probe  
  67  5:50  Probe  
  67  6:00  Stalker x3  
  67  6:01  Probe  
  67  6:02  Probe  
  64  6:15  Probe x2  
  54  6:24  Stalker x2  
  57  6:26  Stalker  
  57  6:28  Probe (Chrono Boost)  
  57  6:30  Probe (Chrono Boost)  
  62  6:40  Probe (Chrono Boost)  
  62  6:42  Probe (Chrono Boost)  
  63  6:48  Probe x2 (Chrono Boost)  
  65  6:54  Probe  
  65  6:56  Stalker x2, Probe  
  65  6:57  Stalker  
  73  7:06  Probe  
  73  7:07  Pylon  
  74  7:08  Probe  
  75  7:20  Stalker  
  75  7:21  Nexus  
  77  7:30  Pylon, Shield Battery  
  77  7:43  Probe x2, Assimilator  
  79  7:49  Robotics Facility, Forge  
  79  7:55  Stalker x3  
  79  8:00  Probe x2  
  83  8:12  Probe x2  
  83  8:16  Protoss Ground Weapons Level 1 (Chrono Boost)  
  81  8:20  Stalker x2  
  81  8:23  Pylon  
  85  8:30  Gateway  
  85  8:31  Pylon  
  85  8:33  Stalker  
  88  8:34  Probe x2  
  88  8:35  Probe  
  90  8:43  Gateway  
  90  8:51  Stalker x2  
  94  8:57  Probe x2  
  94  9:01  Stalker  
  94  9:04  Gateway  
  94  9:05  Observer  
  94  9:06  Gateway  
  95  9:10  Gateway  
  95  9:11  Gateway  
  92  9:20  Stalker x2  
  94  9:25  Probe x3  
  97  9:34  Charge (Chrono Boost), Pylon  
  97  9:43  Nexus  
  97  9:50  Sentry  
  97  9:51  Zealot x3  
  105  9:55  Pylon  
  105  9:57  Protoss Ground Weapons Level 2 (Chrono Boost), Zealot  
  107  10:12  Zealot x2  
  111  10:17  Nexus, Zealot  
  111  10:18  Zealot  
  111  10:19  Pylon  
  115  10:27  Stalker x3  
  121  10:32  Pylon  
  121  10:33  Pylon  
  120  10:46  Stalker x3  
  120  10:47  Stalker  
  128  10:54  Stalker  
  128  10:55  Stalker  
  122  11:01  Stalker x3  
  122  11:11  Probe x2  
  122  11:12  Probe  
  122  11:18  Stalker x4  
  125  11:23  Stalker x2  
  123  11:31  Probe x3  
  124  11:33  Probe  
  124  11:39  Stalker x3  
  125  11:52  Zealot x5  
  109  12:02  Stalker  
  109  12:04  Stalker x3  
  109  12:14  Zealot x4  
  105  12:20  Stalker  
  105  12:21  Probe x3  
  101  12:24  Probe  
  101  12:27  Stalker, Shield Battery  
  101  12:29  Observer  
  105  12:31  Stalker  
  103  12:39  Probe x3 (Chrono Boost)  
  103  12:40  Probe (Chrono Boost)  
  107  12:46  Stalker x2  
  107  12:48  Stalker  
  107  12:51  Probe x4 (Chrono Boost)  
  117  12:59  Zealot  
  117  13:04  Zealot x5  
  129  13:13  Stalker x2  
  129  13:14  Stalker, Probe  
  129  13:15  Probe  
  129  13:17  Probe  
  137  13:22  Zealot  
  135  13:28  Zealot x5  
  138  13:41  Stalker x3  
  128  13:44  Stalker  
  105  13:55  Zealot x5  
Show
View Real Time Build Order
Export as new Build Order

Astrea Protoss - Winner!

Build Orders: Oracle Opening 

Get SALT Encoding   

  12  0:00  Probe  
  13  0:12  Probe  
  14  0:17  Pylon  
  14  0:24  Probe (Chrono Boost)  
  16  0:36  Probe (Chrono Boost), Gateway  
  16  0:43  Probe (Chrono Boost)  
  16  0:45  Assimilator  
  17  0:51  Probe  
  17  0:54  Assimilator  
  18  1:03  Probe (Chrono Boost)  
  19  1:07  Gateway  
  19  1:13  Probe (Chrono Boost)  
  19  1:18  Probe (Chrono Boost)  
  20  1:24  Cybernetics Core  
  21  1:29  Probe  
  22  1:36  Pylon  
  22  1:41  Probe  
  23  1:54  Probe  
  23  2:00  Adept x2  
  23  2:01  Warp Gate  
  28  2:06  Probe  
  29  2:11  Pylon  
  29  2:22  Pylon  
  29  2:32  Stalker  
  29  2:33  Stalker  
  33  2:43  Stargate  
  33  3:04  Nexus  
  31  3:24  Oracle (Chrono Boost)  
  32  3:31  Probe  
  32  3:33  Shield Battery  
  33  3:40  Pylon  
  33  3:45  Probe  
  34  3:49  Stalker  
  34  3:51  Stalker  
  38  3:58  Probe  
  38  4:13  Pylon  
  38  4:17  Twilight Council  
  38  4:19  Probe  
  38  4:21  Oracle (Chrono Boost)  
  42  4:28  Adept  
  42  4:29  Adept  
  46  4:32  Probe  
  46  4:35  Probe  
  48  4:41  Pylon  
  48  4:44  Probe  
  49  4:46  Blink (Chrono Boost)  
  49  4:48  Probe  
  50  4:58  Probe  
  51  5:00  Probe  
  52  5:11  Stalker x2  
  56  5:16  Shield Battery  
  56  5:18  Probe  
  58  5:24  Probe, Gateway  
  58  5:30  Probe  
  58  5:35  Stalker  
  61  5:36  Probe  
  61  5:38  Stalker  
  61  5:42  Pylon, Probe  
  65  5:47  Shield Battery  
  65  5:49  Probe  
  61  6:01  Probe  
  61  6:03  Stalker x2  
  65  6:10  Probe  
  66  6:13  Probe  
  64  6:22  Probe  
  64  6:23  Stalker  
  63  6:26  Probe  
  63  6:27  Stalker x2  
  68  6:34  Probe  
  68  6:35  Robotics Facility  
  68  6:38  Pylon, Probe  
  70  6:47  Probe  
  71  6:49  Assimilator  
  71  6:50  Probe  
  71  6:51  Stalker  
  71  6:53  Stalker  
  76  6:59  Probe  
  77  7:02  Stalker, Pylon  
  79  7:19  Stalker x2  
  83  7:25  Nexus  
  83  7:27  Observer (Chrono Boost)  
  83  7:28  Nexus  
  84  7:35  Pylon  
  84  7:38  Probe x2  
  84  7:41  Observer  
  84  7:43  Stalker  
  89  7:44  Stalker  
  89  7:50  Probe  
  89  7:51  Probe  
  93  8:03  Probe x2  
  95  8:07  Stalker x3  
  95  8:12  Observer  
  101  8:19  Probe  
  102  8:26  Charge, Pylon  
  102  8:28  Forge  
  102  8:31  Observer  
  102  8:40  Probe x2  
  104  8:42  Gateway x2  
  104  8:46  Gateway  
  104  8:47  Probe  
  105  8:51  Protoss Ground Weapons Level 1 (Chrono Boost)  
  105  8:54  Probe  
  102  9:01  Warp Prism  
  102  9:04  Gateway  
  102  9:06  Gateway  
  102  9:10  Photon Cannon  
  102  9:13  Pylon  
  102  9:24  Stalker x3, Observer  
  108  9:31  Pylon  
  108  9:37  Nexus  
  108  9:41  Pylon  
  108  9:49  Stalker x3  
  108  9:50  Pylon  
  108  9:51  Stalker  
  116  10:04  Stalker x4  
  124  10:09  Observer  
  124  10:12  Stalker x2  
  128  10:14  Stalker  
  128  10:17  Stalker  
  132  10:30  Stalker  
  132  10:31  Stalker  
  132  10:33  Zealot x2  
  140  10:37  Stalker x2  
  140  10:38  Stalker  
  146  10:46  Stalker  
  131  10:58  Stalker x3  
  131  11:00  Probe x4  
  131  11:03  Zealot x3  
  147  11:08  Zealot  
  140  11:20  Zealot  
  138  11:26  Stalker x4  
  138  11:27  Probe  
  138  11:28  Probe x2  
  138  11:29  Protoss Ground Weapons Level 2 (Chrono Boost)  
  138  11:32  Pylon  
  147  11:33  Zealot x2  
  151  11:40  Photon Cannon  
  151  11:44  Zealot x2  
  151  11:45  Probe  
  154  11:53  Stalker x2  
  148  11:57  Zealot x3  
  142  12:04  Stalker x2  
  142  12:07  Zealot  
  142  12:08  Probe  
  123  12:17  Zealot x3  
  123  12:18  Zealot x2  
  123  12:19  Probe x2  
  129  12:28  Observer  
  130  12:32  Probe  
  130  12:33  Zealot x3  
  133  12:41  Zealot x5  
  141  12:48  Gateway  
  141  12:49  Gateway  
  141  12:55  Zealot x3  
  141  12:57  Observer  
  147  13:02  Zealot x3, Templar Archives, Assimilator  
  147  13:05  Zealot x2  
  157  13:12  Pylon  
  157  13:21  Zealot  
  157  13:22  Zealot x3  
  159  13:28  Zealot x4  
  151  13:47  Zealot x6  

Tags
 
Add a new tag
Caveats
  • Supply blocks, unpowered buildings, or Contaminate may cause inaccurate times.
  • Supply counts are checked every 10 seconds.